Description

Ling in Bane 1 Base

Build Order

Get SALT Encoding   

  9  0:00  Drone  
  10  0:11  Drone  
  11  0:16  Drone  
  11  0:27  Overlord  
  12  0:34  Drone  
  12  0:41  Drone  
  14  0:45  Drone  
  15  0:51  Drone  
  16  0:101  Drone  
  16  1:08  Spawning Pool  
  16  1:10  Drone  
  16  1:15  Extractor  
  19  1:25  Overlord  
Spawning Tool Build Advisor. Get it on Overwolf

Go to:

Details

  • Created by: rileywbird@gmail.com
  • Published on: Sep 22, 2026
  • Modified on: Sep 22, 2026
  • Patch: 5.0.16
  • Difficulty: Easy
Show
View Real Time Build Order
Export as new Build Order

Comments (0)

There are no comments. Be the first!

Create an account to comment!